 Dungeon Crawl Stone Soup version 0.31-a0-977-gc230f8ef24 (webtiles) character file.

Game seed: 4712731358837282389

58138 ragingrage the Brawler (level 14, -11/143 HPs)
             Began as a Troll Monk on Oct 28, 2023.
             Was the Champion of Okawaru.
             Mangled by a death yak simulacrum (41 damage)
             ... on level 5 of the Lair of Beasts on Oct 29, 2023.
             The game lasted 00:32:18 (17030 turns).

ragingrage the Brawler (Troll Monk)                Turns: 17030, Time: 00:32:19

Health: -11/143    AC:  7    Str: 26    XL:     14   Next: 48%
Magic:  17/17      EV: 10    Int:  6    God:    Okawaru [******]
Gold:   1009       SH:  0    Dex: 12    Spells: 13/13 levels left

rFire   + .          .
                       - Unarmed
rCold   . . .        c - orb {light}
rNeg    . . .        s - +0 steam dragon scales
rPois   +            (helmet currently unavailable)
rElec   .            (cloak currently unavailable)
rCorr   .            (gloves unavailable)
SInv    .            (boots unavailable)
Will    +....        (no amulet)
Stlth   +            a - ring of protection from fire
HPRegen 1.23/turn    J - ring of poison resistance
MPRegen 0.15/turn

%: no passive effects
@: beast-form, glowing
A: beast (slay +4), large, unfitting armour, claws 3, regeneration 1, shaggy fur
1, tough skin 1
a: Begin Untransformation, Renounce Religion, Heroism, Finesse, Duel, Receive
Weapon, Receive Armour


You were on level 5 of the Lair of Beasts.
You worshipped Okawaru.
Okawaru was exalted by your worship.
You were a hulking beast.
You visited 3 branches of the dungeon, and saw 16 of its levels.
You also visited: Ossuary and Bailey.

You collected 1009 gold pieces.

Inventory:

Missiles
 j - 4 large rocks
 z - 4 boomerangs (quivered)
 A - 3 throwing nets
 E - 7 datura-tipped darts
 G - 11 poisoned darts
 I - 2 darts of dispersal
 L - a curare-tipped dart
 P - 9 silver javelins
 Q - 5 javelins
Armour
 c - an orb of light (worn)
 s - +0 steam dragon scales (worn)
Jewellery
 a - a ring of protection from fire (left claw)
 h - a +6 ring of dexterity
 B - the ring "Gemoij" {rElec rF- Will+ Str+4 Int+2}
   (You took it off a gnoll sergeant in a bailey)

   [ring of willpower]

   Str+4:     It affects your strength (+4).
   Int+2:     It affects your intelligence (+2).
   rF-:       It makes you vulnerable to fire.
   rElec:     It insulates you from electricity.
   Will+:     It increases your willpower.
 J - a ring of poison resistance (right claw)
Talismans
 g - a beast talisman (active)
 w - a storm talisman
 H - a flux talisman
Wands
 y - a wand of flame (29)
 F - a wand of mindburst (19)
 K - a wand of polymorph (4)
Scrolls
 d - 9 scrolls of teleportation
 e - a scroll of identify
 f - 5 scrolls of noise
 l - a scroll of immolation
 m - 5 scrolls of fear
 n - a scroll of vulnerability {unknown}
 o - 2 scrolls of amnesia
 t - 3 scrolls of silence
 v - a scroll of blinking {unknown}
 x - a scroll of revelation
 C - 4 scrolls of enchant armour
 M - a scroll of torment {unknown}
Potions
 b - a potion of ambrosia
 i - 2 potions of mutation
 k - a potion of brilliance
 p - a potion of enlightenment
 q - 3 potions of invisibility
 r - 4 potions of curing
 u - 3 potions of haste
 D - a potion of attraction
Miscellaneous
 S - a phial of floods


   Skills:
 - Level 10.0 Fighting
 + Level 9.6 Throwing
 - Level 2.4 Dodging
 - Level 18.0 Unarmed Combat
 - Level 6.0 Invocations
 + Level 7.8 Shapeshifting


You had 13 spell levels left.
You didn't know any spells.
Your spell library contained the following spells:

 Spells                   Type           Power      Damage    Failure   Level
 Sting                    Tmut/Pois      0%         1d3       45%         1
 Lesser Beckoning         Tloc           0%         N/A       58%         2
 Dazzling Flash           Conj/Hex       0%         N/A       83%         3
 Gell's Gravitas          Tloc           0%         N/A       83%         3
 Teleport Other           Tloc           0%         N/A       83%         3
 Volatile Blastmotes      Fire/Tloc      0%         2d10      83%         3
 Manifold Assault         Tloc           0%         N/A       99%         4
 Dispersal                Tloc           0%         N/A       100%        6
 Starburst                Conj/Fire      0%         6d3       100%        6
 Disjunction              Tloc           0%         N/A       100%        8
 Maxwell's Capacitive Co  Air            0%         ∞         100%        8
 Summon Small Mammal      Summ           Unusable   N/A       N/A         1

Dungeon Overview and Level Annotations

Branches:
Dungeon (10/15)            Temple (1/1) D:7            Lair (5/5) D:8
 Shoals (0/4) Lair:3        Snake (0/4) Lair:2        Slime (0/5) Lair:5
Ossuary (visited)          Bailey (visited)
    Orc: D:9-12

Altars:
Ashenzari
Cheibriados
Dithmenos
Elyvilon
Fedhas
Gozag
Hepliaklqana
Kikubaaqudgha
Makhleb
Nemelex Xobeh
Okawaru
Qazlal
Ru
Sif Muna
Trog
Uskayaw
Vehumet
Wu Jian
Xom
Yredelemnul
Zin
The Shining One
Jiyva

Shops:
D:7 :

Portals:
Trove: D:10 (give 17 scrolls of teleportation)

Annotations:
Lair:5 exclusion: door


Innate Abilities, Weirdness & Mutations

You are a hulking beast.
Your limbs bulge with bestial killing power. (Slay +4)
You are too large for most types of armour.
You have claws for hands.
Your natural rate of healing is unusually fast.
You are covered in fur. (AC +1)
You have tough skin. (AC +1)


Message History

You claw the elephant zombie!
The death yak simulacrum gores the withered plant!!
The death yak simulacrum freezes the withered plant!!!
The elephant zombie tramples you but does no damage.
The elephant zombie closely misses you.
You eviscerate the elephant zombie!!!
You hear a shout!
You scratch the elephant zombie. The elephant zombie tramples you!
You hold your ground!
The elephant zombie trunk-slaps you but does no damage.
You eviscerate the elephant zombie!!!
You destroy the elephant zombie!
Okawaru accepts your kill. The death yak simulacrum gores you!!
The death yak simulacrum freezes you!!
You are too injured to fight recklessly!
You are too injured to fight recklessly!
You are too injured to fight recklessly!
You are too injured to fight recklessly!
You are too injured to fight recklessly!
You are too injured to fight recklessly!
You are too injured to fight recklessly!
You are too injured to fight recklessly!
You are too injured to fight recklessly!
You are too injured to fight recklessly!
You are too injured to fight recklessly!
You are too injured to fight recklessly!
You are too injured to fight recklessly!
You are too injured to fight recklessly!
You claw the death yak simulacrum!
The withered plant crumbles away.
The death yak simulacrum gores you but does no damage.
You scratch the death yak simulacrum. You claw the death yak simulacrum!
The death yak simulacrum gores you! The death yak simulacrum freezes you!!
You scratch the death yak simulacrum.
The cane toad simulacrum hits you but does no damage.
You scratch the death yak simulacrum but do no damage.
The death yak simulacrum gores you!
* * * LOW HITPOINT WARNING * * *
The death yak simulacrum freezes you!!!
You die...

###.#### #.#######......##
##....#.###...............#
........................###
###............####.P♣.##
###..#.......P######♣♣P.#
#..##.P...^..♣#8)8# #♣♣.♣#
....#........♣#...# #8♣♣.#
.....#.......##.Z.###..♣##
÷............##Ph.#♣...8#
......P......##P.Z##.8.♣#
#...###......♣#P..'...♣♣
##..##........#####.#.♣
##..###.......♣# #....#
...............♣ #.##.#
...............♣##.#..#
...............♣#..#..#
...............##.## .#


You could see a death yak simulacrum and a cane toad simulacrum.

Vanquished Creatures
  Rupert (Lair:4)
  3 dire elephants (Lair:5)
  5 hydras
  2 two-headed ogres
  7 death yaks
  Amaemon (Lair:1)
  A spectral anaconda (Lair:5)
  Pikel (D:8)
  2 lindwurms
  An obsidian statue (Lair:5)
  A deep elf pyromancer (D:9)
  3 necromancers (Lair:5)
  20 elephants
  9 black mambas
  Joseph (D:7)
  8 cane toads
  A torpor snail (Lair:3)
  An orange demon (Lair:2)
  20 rime drakes
  12 komodo dragons
  2 polar bears
  A snapping turtle (Lair:3)
  2 hornets (D:10)
  17 blink frogs
  5 dream sheep (Lair:4)
  A wraith (D:10)
  A wyvern (D:9)
  A water elemental (Lair:3)
  24 yaks
  8 basilisks
  13 steam dragons
  Grum (Lair:1)
  A death yak simulacrum (Lair:5)
  A swamp worm (Lair:2)
  A spectral cane toad (Lair:5)
  4 nagas (Lair:2)
  13 water moccasins
  An ice beast (D:6)
  2 black bears
  An orc warrior (D:6)
  2 sky beasts
  An elephant zombie (Lair:5)
  2 ogres
  12 wolves
  An elephant skeleton (Lair:5)
  4 centaurs
  2 phantoms
  An elf zombie (Ossuary)
  12 bullfrogs
  2 scorpions
  8 gnoll sergeants
  2 elf skeletons (D:8)
  19 wights
  2 cane toad simulacra (Lair:5)
  9 killer bees
  3 howler monkeys (D:10)
  An electric eel (D:7)
  6 centaur zombies (Ossuary)
  4 jellies
  2 orc priests
  6 human zombies
  5 gnoll boudas (Bailey)
  3 hounds
  5 iguanas
  3 orc wizards
  Natasha (thrice) (D:3)
  7 hell rats (Lair:1)
  2 human skeletons (D:8)
  3 mummies (Ossuary)
  18 gnolls
  3 adders
  2 shadow imps
  A white imp (D:5)
  6 ufetubi
  3 worms
  4 dart slugs
  17 orcs
  8 ball pythons
  8 bats
  9 endoplasms
  3 giant cockroaches
  11 goblins
  5 hobgoblins
  8 jackals
  7 kobolds
  2 quokkas
  An orc skeleton (D:8)
  4 rats
  A butterfly (Lair:4)
453 creatures vanquished.

Vanquished Creatures (others)
  A yak (Lair:1)
1 creature vanquished.

Grand Total: 454 creatures vanquished

Notes
Turn   | Place    | Note
-------+----------+-------------------------------------------
     0 | D:1      | ragingrage the Troll Monk began the quest for the Orb.
     0 | D:1      | Reached XP level 1. HP: 22/22 MP: 0/0
   172 | D:1      | Reached XP level 2. HP: 29/29 MP: 1/1
   365 | D:1      | Reached XP level 3. HP: 36/36 MP: 2/2
   708 | D:2      | Reached skill level 4 in Unarmed Combat
   970 | D:2      | Reached XP level 4. HP: 38/45 MP: 3/3
  1421 | D:3      | Noticed Natasha
  1427 | D:3      | Killed Natasha
  1483 | D:3      | Reached skill level 1 in Shapeshifting
  1501 | D:3      | Found a faded altar of an unknown god.
  1601 | D:3      | Reached XP level 5. HP: 49/53 MP: 4/4
  1724 | D:3      | Noticed Natasha
  1729 | D:3      | Killed Natasha
  1747 | D:3      | Noticed Natasha
  1758 | D:3      | Killed Natasha
  1759 | D:3      | Reached skill level 5 in Unarmed Combat
  1866 | D:4      | Found a stormy altar of Qazlal.
  2131 | D:4      | Reached XP level 6. HP: 49/61 MP: 5/5
  2174 | D:4      | Noticed a sky beast
  2183 | D:4      | Killed a sky beast
  2187 | D:4      | Found an iron altar of Okawaru.
  2216 | D:4      | Became a worshipper of Warmaster Okawaru
  2216 | D:4      | Reached * piety under Okawaru
  2216 | D:4      | Reached ** piety under Okawaru
  2501 | D:5      | Entered Level 5 of the Dungeon
  2556 | D:5      | Reached skill level 6 in Unarmed Combat
  2607 | D:5      | Reached XP level 7. HP: 35/70 MP: 6/6
  2683 | D:5      | Found a basalt altar of Yredelemnul.
  2956 | D:5      | Reached skill level 7 in Unarmed Combat
  3089 | D:6      | Identified the "Iwkext"
  3094 | D:5      | Reached XP level 8. HP: 62/77 MP: 7/7
  3148 | D:6      | Reached *** piety under Okawaru
  3325 | D:6      | Reached skill level 5 in Fighting
  3325 | D:6      | Reached skill level 8 in Unarmed Combat
  3489 | D:6      | Reached skill level 9 in Unarmed Combat
  3511 | D:6      | Found a bloodstained altar of Trog.
  3571 | D:6      | Found a shimmering blue altar of Sif Muna.
  3928 | D:7      | Reached **** piety under Okawaru
  3929 | D:7      | Reached skill level 10 in Unarmed Combat
  3929 | D:7      | Reached XP level 9. HP: 66/88 MP: 8/8
  3989 | D:7      | Found a shadowy altar of Dithmenos.
  4003 | D:7      | Found Oretwuk's Vocational Training.
  4172 | D:8      | Found a sand-covered staircase.
  4178 | D:8      | Reached skill level 11 in Unarmed Combat
  4180 | Ossuary  | Entered an ossuary
  4400 | D:8      | Found a flagged portal.
  4440 | Bailey   | Entered a bailey
  4449 | Bailey   | Reached skill level 5 in Shapeshifting
  4540 | Bailey   | Reached ***** piety under Okawaru
  4707 | Bailey   | Received a gift from Okawaru
  4757 | Bailey   | Identified the ring "Gemoij" {rElec rF- Will+ Str+4 Int+2}
  4873 | Bailey   | Reached skill level 12 in Unarmed Combat
  4873 | Bailey   | Reached XP level 10. HP: 85/96 MP: 9/9
  5123 | D:8      | Found a staircase to the Lair.
  5398 | D:7      | Noticed Pikel
  5403 | D:8      | Killed Pikel
  5547 | D:8      | Received a gift from Okawaru
  5740 | D:7      | Reached skill level 1 in Throwing
  5806 | D:7      | Noticed Joseph
  5819 | D:7      | Killed Joseph
  5875 | D:7      | Found a staircase to the Ecumenical Temple.
  5880 | Temple   | Entered the Ecumenical Temple
  5896 | D:7      | Found a hide-covered altar of Uskayaw.
  5899 | D:7      | Found an ornate altar of the Wu Jian Council.
  6803 | D:9      | Noticed a deep elf pyromancer
  6820 | D:9      | Killed a deep elf pyromancer
  6831 | D:9      | Received a gift from Okawaru
  7081 | D:9      | Noticed a two-headed ogre
  7084 | D:9      | Killed a two-headed ogre
  7412 | D:10     | Entered Level 10 of the Dungeon
  7415 | D:10     | Reached XP level 11. HP: 107/107 MP: 10/10
  7439 | D:10     | Paralysed by a hornet for 2 turns
  7447 | D:10     | Reached skill level 13 in Unarmed Combat
  7599 | D:10     | Found a portal to a secret trove of treasure.
  7728 | D:10     | Noticed a two-headed ogre
  7732 | D:10     | Killed a two-headed ogre
  7744 | D:10     | Paralysed by a hornet for 2 turns
  7884 | D:10     | Found an ancient bone altar of Kikubaaqudgha.
  8294 | Lair:1   | Entered Level 1 of the Lair of Beasts
  8308 | Lair:1   | Noticed Grum
  8325 | Lair:1   | Killed Grum
  8349 | Lair:1   | Reached skill level 5 in Throwing
  8349 | Lair:1   | HP: 2/103 [cane toad (19)]
  8841 | Lair:1   | Received a gift from Okawaru
  8848 | Lair:1   | HP: 1/110 [yak (12)]
  9282 | Lair:1   | Reached ****** piety under Okawaru
  9512 | Lair:2   | Noticed Amaemon
  9522 | Lair:1   | Killed Amaemon
  9523 | Lair:1   | Reached skill level 14 in Unarmed Combat
  9717 | Lair:2   | Reached XP level 12. HP: 121/122 MP: 11/11
  9830 | Lair:2   | Found a staircase to the Snake Pit.
  9900 | Lair:2   | Received a gift from Okawaru
 11447 | Lair:2   | Identified the staff "Fuecsos" {rC- Int+5 Dex+4 Conj}
 11564 | Lair:2   | Received a gift from Okawaru
 11606 | Lair:2   | Reached skill level 15 in Unarmed Combat
 11776 | Lair:3   | Reached skill level 10 in Fighting
 11945 | Lair:3   | Reached skill level 16 in Unarmed Combat
 11981 | Lair:3   | Received a gift from Okawaru
 11986 | Lair:3   | Found a staircase to the Shoals.
 12105 | Lair:3   | Noticed a death yak
 12110 | Lair:3   | Killed a death yak
 12111 | Lair:3   | Reached XP level 13. HP: 99/133 MP: 12/12
 12696 | Lair:3   | Reached skill level 17 in Unarmed Combat
 12703 | Lair:3   | Received a gift from Okawaru
 13421 | Lair:4   | Reached skill level 1 in Invocations
 13755 | Lair:3   | Upgraded the game from 0.31-a0-971-g75a2e9a4b4 to
                  | 0.31-a0-977-gc230f8ef24
 14145 | Lair:4   | Received a gift from Okawaru
 14295 | Lair:4   | Noticed Rupert
 14312 | Lair:4   | Killed Rupert
 14691 | Lair:5   | Entered Level 5 of the Lair of Beasts
 14895 | Lair:5   | Received a gift from Okawaru
 15050 | Lair:5   | Reached skill level 18 in Unarmed Combat
 15105 | Lair:5   | Reached XP level 14. HP: 134/143 MP: 16/16
 15114 | Lair:5   | Reached skill level 5 in Invocations
 15734 | Lair:5   | Received a gift from Okawaru
 16137 | Lair:5   | Found a viscous altar of Jiyva.
 16138 | Lair:5   | Found a staircase to the Slime Pits.
 16817 | Lair:5   | Received a gift from Okawaru
 17030 | Lair:5   | Mangled by a death yak simulacrum

Illustrated notes

Levels and vault maps discovered:
D:1:      giann_wishing_wells, layout_loops_ring,
          chequers_serial_rivers_micro_e, minmay_misc_feat_iff
D:2:      layout_basic
D:3:      layout_rooms, shapermc_ecumenical_altar_notcrosses, uniq_natasha
D:4:      layout_basic, mainiacjoe_overflow_surrounded_room,
          grunt_qazlal_clouds, minmay_starry_boxes
D:5:      layout_rooms, general_overflow_altar
D:6:      layout_basic, nzn_overflow_gifts_of_might_and_magic
D:7:      layout_cave_pools, mainiacjoe_overflow_cross_hatched,
          nicolae_overflow_squiral, temple_statues, nicolae_shop_vocational,
          uniq_pikel, uniq_joseph
D:8:      layout_rooms, lair_entry_dummy, enter_bailey_5,
          nicolae_ossuary_entry_catacombs
D:9:      layout_grid_maze
D:10:     layout_loops_ring, mainiacjoe_overflow_chevrons, enter_trove_0
Temple:   nicolae_temple_ecumenical_triangle
Lair:1:   layout_hall_layers, infiniplex_staircase_pool_2, uniq_grum
Lair:2:   layout_cellular_growth, minmay_snake_entry_guardpost_small,
          worms_lemuel, grunt_megastairs_3, uniq_amaemon
Lair:3:   layout_loops_ring, minmay_shoals_entry_hut, wad_woods_river_04,
          chequers_serial_rivers_small_3, bobbens_dragon_lair_wall
Lair:4:   layout_gridlike, lemuel_fruit_fields, uniq_rupert
Lair:5:   due_jungle_book, layout_regular_city, dpeg_slime_entry_corner

Skill      XL: |  1  2  3  4  5  6  7  8  9 10 11 12 13 14 |
---------------+-------------------------------------------+-----
Unarmed Combat | 4 5 6 7 10 12 14 16 18 | 18.0
Fighting       | 3 4 5 6 8 10 | 10.0
Shapeshifting  | 1 2 3 4 6 7 |  7.8
Throwing       | 3 6 7 9 |  9.6
Invocations    | 4 6 |  6.0
Dodging        | |  2.4

Action                     |  1- 3 |  4- 6 |  7- 9 | 10-12 | 13-15 || total
---------------------------+-------+-------+-------+-------+-------++-------
  Melee: Unarmed           |    85 |   108 |   270 |   413 |   368 ||  1244
  Throw: Boomerang         |       |       |     5 |       |     7 ||    12
         Dart              |       |       |       |     2 |       ||     2
         Large rock        |       |       |       |       |    10 ||    10
         Throwing net      |       |       |       |       |     2 ||     2
 Invoke: Finesse           |       |       |       |     1 |     1 ||     2
  Evoke: Wand              |       |       |       |     6 |     2 ||     8
         Phial of floods   |       |       |       |       |     1 ||     1
    Use: Scroll            |       |       |     9 |     3 |     4 ||    16
         Potion            |       |       |       |     3 |     7 ||    10
   Stab: Distracted        |       |       |       |     1 |       ||     1
         Held in net/web   |       |       |       |       |     1 ||     1
 Armour: Robe              |    40 |    55 |    90 |       |       ||   185
         Steam dragon scal |       |       |   105 |   432 |   352 ||   889
  Dodge: Dodged            |    32 |    53 |   121 |   204 |   163 ||   573
   Form: Beast             |     1 |     2 |       |     1 |       ||     4
                           |     1 |     1 |       |     1 |       ||     3
         Flux              |       |       |       |     2 |       ||     2

Table legend: (Time is in decaauts)
 A = Elapsed time spent in this place.
 B = Non-inter-level travel time spent in this place.
 C = Inter-level travel time spent in this place.
 D = Time resting spent in this place.
 E = Time spent auto-exploring this place.
 F = Levels seen in this place.
 G = Mean time per level.
                   A        B        C        D        E       F      G
               +--------+--------+--------+--------+--------+-----+--------+
         Total |  16814 |  15940 |    874 |   3109 |   9276 |  18 |  934.1 |
       Dungeon |   7796 |   7244 |    552 |    731 |   5036 |  10 |  779.6 |
        Temple |      1 |      1 |      0 |      0 |      0 |   1 |    1.0 |
          Lair |   8239 |   7918 |    321 |   2245 |   4025 |   5 | 1647.8 |
       Ossuary |    125 |    125 |      0 |      0 |      0 |   1 |  125.0 |
        Bailey |    650 |    650 |      0 |    133 |    215 |   1 |  650.0 |
               +--------+--------+--------+--------+--------+-----+--------+

Top non-repeatable levels by time:
  Lair:5: 2042 daAuts
  Lair:2: 1907 daAuts
  Lair:3: 1592 daAuts
  Lair:4: 1427 daAuts
  Lair:1: 1269 daAuts
     D:9: 1157 daAuts
     D:8: 1092 daAuts
    D:10: 822 daAuts
     D:6: 804 daAuts
     D:2: 792 daAuts
     D:4: 718 daAuts
     D:7: 695 daAuts
  Bailey: 650 daAuts
     D:5: 638 daAuts
     D:1: 611 daAuts
